 Dungeon Crawl Stone Soup version 0.31.0-32-g396128a36d (webtiles) character file.

Game seed: 4698912840772415603

1131 Peloso the Slasher (level 8, -11/105 HPs)
             Began as a Minotaur Fighter on Mar 13, 2024.
             Was a Believer of Okawaru.
             Mangled by a wraith (14 damage)
             ... on level 6 of the Dungeon.
             The game lasted 00:06:17 (4371 turns).

Peloso the Slasher (Minotaur Fighter)               Turns: 4371, Time: 00:06:17

Health: -11/105    AC: -1    Str: 28    XL:     8   Next: 13%
Magic:  7/7        EV: 10    Int:  5    God:    Okawaru [**....]
Gold:   214        SH:  9    Dex: 11    Spells: 7/7 levels left

rFire   . . .        a - +0 long sword
rCold   . . .        d - +0 kite shield
rNeg    . . .        c - +3 ring mail "Xeefistre" {Rampage Str+6}
rPois   .            (helmet restricted)
rElec   .            (no cloak)
rCorr   .            i - +0 pair of gloves
SInv    .            (no boots)
Will    .....        h - amulet of the acrobat Stlth
                     k - +4 ring of slaying
HPRegen 0.37/turn    (no ring)
MPRegen 0.10/turn

%: acrobat, rampage
@: berserking (expiring), corroded, slowed
A: horns 2, retaliatory headbutt
a: Renounce Religion, Heroism


You were on level 6 of the Dungeon.
You worshipped Okawaru.
Okawaru was pleased with you.
You visited 2 branches of the dungeon, and saw 7 of its levels.

You collected 214 gold pieces.

Inventory:

Hand Weapons
 a - a +0 long sword (weapon)
Armour
 b - a +0 scale mail
 c - the +3 ring mail "Xeefistre" (worn) {Rampage Str+6}
   (You found it on level 4 of the Dungeon)

   Str+6:     It affects your strength (+6).
   Rampage:   It bestows one free step when moving towards enemies.
 d - a +0 kite shield (worn)
 i - a +0 pair of gloves (worn)
Jewellery
 h - an amulet of the acrobat (around neck)
 k - a +4 ring of slaying (left hand)
 p - a ring of see invisible
 r - a ring of positive energy
Wands
 t - a wand of paralysis (14)
Scrolls
 g - a scroll of teleportation
 j - a scroll of enchant weapon {unknown}
 l - 2 scrolls of immolation
 q - 4 scrolls of fog {unknown}
 u - a scroll of amnesia {unknown}
 v - a scroll of acquirement {unknown}
 w - 2 scrolls of identify
Potions
 e - a potion of cancellation
 m - a potion of enlightenment
 n - a potion of might
 o - a potion of brilliance {unknown}
 s - a potion of degeneration {unknown}


   Skills:
 + Level 5.6 Fighting
 + Level 7.9 Long Blades
 + Level 6.2 Armour
 + Level 2.4 Dodging
 + Level 0.4 Stealth
 + Level 5.7 Shields


You had 7 spell levels left.
You didn't know any spells.
Your spell library contained the following spells:

 Spells                   Type           Power      Damage    Failure   Level
 Shock                    Conj/Air       0%         1d3       80%         1
 Swiftness                Air            0%         N/A       99%         3
 Volatile Blastmotes      Fire/Tloc      0%         2d10      99%         3
 Airstrike                Air            0%         2d(0-16)  100%        4
 Cause Fear               Hex            0%         N/A       100%        4
 Fulminant Prism          Conj/Alch      0%         3d5       100%        4
 Iskenderun's Mystic Bla  Conj/Tloc      0%         2d3       100%        4
 Fireball                 Conj/Fire      0%         3d3       100%        5
 Metabolic Englaciation   Hex/Ice        0%         N/A       100%        5
 Silence                  Hex/Air        0%         N/A       100%        5
 Dragon's Call            Summ           Unusable   N/A       N/A         9

Dungeon Overview and Level Annotations

Branches:
Dungeon (6/15)             Temple (1/1) D:5

Altars:
Ashenzari
Cheibriados
Dithmenos
Elyvilon
Fedhas
Gozag
Hepliaklqana
Kikubaaqudgha
Makhleb
Okawaru
Qazlal
Ru
Trog
Uskayaw
Wu Jian
Xom
Yredelemnul
Zin
The Shining One

Annotations:
D:4 3 runed translucent doors, H0rd4k's ghost, amateur OpAr


Innate Abilities, Weirdness & Mutations

You have a pair of horns on your head.
You reflexively headbutt those who attack you in melee.


Message History

You hit the wraith but do no damage. The wraith hits you!
* * * LOW HITPOINT WARNING * * *
The wraith drains your vigour!
You feel yourself slow down.
You hit the wraith but do no damage. You block the wraith's attack.
The wraith barely misses you. You furiously retaliate!
You headbutt the wraith, but do no damage.
You hit the wraith but do no damage.
You headbutt the wraith, but do no damage.
The wraith hits you.
* * * LOW HITPOINT WARNING * * *
The wraith hits you!
* * * LOW HITPOINT WARNING * * *
The wraith drains your vigour!
You feel as though you will be slow longer.
A red film seems to cover your vision as you go berserk!
You feel yourself moving faster!
You feel mighty! The wraith misses you.
You hit the wraith but do no damage. You block the wraith's attack.
You hit the wraith.
The wraith is lightly damaged.
The wraith barely misses you.
You closely miss the wraith.
The wraith is lightly damaged.
The wraith hits you.
* * * LOW HITPOINT WARNING * * *
The wraith drains your vigour!
You feel as though you will be slow longer.
You barely miss the wraith. Your headbutt misses the wraith.
The wraith is lightly damaged.
The wraith barely misses you.
You slash the wraith!
The wraith is heavily damaged.
The wraith hits you!
* * * LOW HITPOINT WARNING * * *
You hit the wraith but do no damage.
The wraith is heavily damaged.
The wraith barely misses you. You block the wraith's attack.
You closely miss the wraith. Your headbutt misses the wraith.
The wraith is heavily damaged.
The wraith hits you!
You die...

######################
...[.(................
####...##############
#.###....$#
.....'.....#
#$...#..$..# #...
#.W@..# #### #..
###.#....... #... #W
#.#....... #.## #
#.#....... #..<
###....... #...
....### #... .(..#
#... ....# #... ####


You could see a wraith.

Vanquished Creatures
  A water moccasin (D:5)
  A black bear (D:4)
  A centaur (D:5)
  A gnoll sergeant (D:5)
  A bombardier beetle (D:5)
  3 jellies
  2 hounds (D:5)
  5 orc priests
  2 sleepcaps
  A gnoll bouda (D:4)
  2 scorpion zombies (D:4)
  18 gnolls
  4 adders
  A shadow imp (D:5)
  2 white imps
  2 ufetubi (D:5)
  3 dart slugs
  2 ribbon worms
  9 orcs
  4 bats
  5 endoplasms
  4 giant cockroaches
  8 goblins
  3 hobgoblins
  7 jackals
  5 kobolds
  5 ball pythons
  6 rats
108 creatures vanquished.

Vanquished Creatures (others)
  An orc wizard (D:6)
1 creature vanquished.

Grand Total: 109 creatures vanquished

Notes
Turn   | Place    | Note
-------+----------+-------------------------------------------
     0 | D:1      | Peloso the Minotaur Fighter began the quest for the Orb.
     0 | D:1      | Reached XP level 1. HP: 19/19 MP: 0/0
   227 | D:1      | Reached XP level 2. HP: 27/27 MP: 1/1
  1330 | D:2      | Reached XP level 3. HP: 33/33 MP: 2/2
  1637 | D:3      | Found a faded altar of an unknown god.
  1872 | D:3      | Reached skill level 3 in Long Blades
  2508 | D:4      | Identified the +3 ring mail "Xeefistre" {Rampage Str+6}
  2646 | D:4      | Reached XP level 4. HP: 40/40 MP: 3/3
  2670 | D:4      | Noticed a black bear
  2675 | D:4      | Killed a black bear
  2676 | D:4      | Reached skill level 4 in Long Blades
  2676 | D:4      | Reached skill level 5 in Armour
  2676 | D:4      | Reached XP level 5. HP: 47/47 MP: 4/4
  2734 | D:4      | Found an iron altar of Okawaru.
  2747 | D:4      | Became a worshipper of Warmaster Okawaru
  2753 | D:4      | Reached skill level 1 in Dodging
  2888 | D:4      | Reached XP level 6. HP: 33/53 MP: 5/5
  3077 | D:4      | Found a runed translucent gate.
  3077 | D:4      | Found a runed translucent gate.
  3077 | D:4      | Found a runed translucent gate.
  3077 | D:4      | Noticed H0rd4k's ghost (amateur OpAr)
  3079 | D:4      | Found a basalt altar of Yredelemnul.
  3088 | D:4      | Reached skill level 5 in Long Blades
  3096 | D:4      | Got the Almanac of the Snowflakes and Vapour
  3167 | D:5      | Entered Level 5 of the Dungeon
  3184 | D:5      | Reached * piety under Okawaru
  3191 | D:5      | Reached skill level 6 in Long Blades
  3348 | D:5      | Reached skill level 5 in Fighting
  3348 | D:5      | Reached XP level 7. HP: 47/61 MP: 6/6
  3543 | D:5      | Reached skill level 7 in Long Blades
  3620 | D:5      | Reached ** piety under Okawaru
  3672 | D:5      | Reached skill level 5 in Shields
  3718 | D:5      | Found a staircase to the Ecumenical Temple.
  3739 | D:5      | Reached XP level 8. HP: 13/69 MP: 7/7
  3749 | Temple   | Entered the Ecumenical Temple
  4369 | D:6      | HP: 2/105 [wraith (8)]
  4371 | D:6      | Mangled by a wraith

Illustrated notes

Levels and vault maps discovered:
D:1:      matt_arrival_refuge, layout_loops_ring
D:2:      layout_rooms
D:3:      layout_basic, ebering_ecumenical_altar_box, minmay_stone_trees_small
D:4:      layout_basic, okawaru_metal_pillars_1_2,
          nicolae_yredelemnul_ghost_church, serial_glass, glass_columns_b,
          glass_columns_a, columned_hall_lemuel
D:5:      layout_cave_pools, minmay_temple_entry_tees
D:6:      layout_basic, nicolae_shop_self_help, uniq_eustachio
Temple:   nicolae_temple_bog_church

Skill      XL: |  1  2  3  4  5  6  7 |
---------------+----------------------+-----
Armour         | 4 5 6 |  6.2
Fighting       | 4 5 |  5.6
Shields        | 4 5 |  5.7
Long Blades    | 3 4 6 7 |  7.9
Dodging        | 1 2 |  2.4
Stealth        | |  0.4

Action                     |  1- 3 |  4- 6 |  7- 9 || total
---------------------------+-------+-------+-------++-------
  Melee: Long sword        |    62 |    63 |    96 ||   221
         Headbutt          |    11 |    20 |    17 ||    48
    Use: Potion            |     3 |       |     1 ||     4
         Scroll            |     4 |     2 |       ||     6
 Armour: Scale mail        |    28 |       |       ||    28
         Ring mail         |     1 |    30 |    66 ||    97
  Dodge: Dodged            |    58 |    36 |    50 ||   144
  Block: Buckler           |    15 |    15 |     3 ||    33
         Kite shield       |       |       |    49 ||    49
